 Dungeon Crawl Stone Soup version 0.29.1-14-g9c671dbff4 (webtiles) character file.

Game seed: 8693099354672470020

96 leafyfresh the Changer (level 4, -1/28 HPs)
             Began as an Octopode Transmuter on Feb 14, 2023.
             Slain by a phantom (5 damage)
             ... on level 4 of the Dungeon.
             The game lasted 00:04:22 (3710 turns).

leafyfresh the Changer (Octopode Transmuter)        Turns: 3710, Time: 00:04:23

Health: -1/28      AC:  2    Str:  9    XL:     4   Next: 67%
Magic:  2/7        EV: 19    Int: 15    God:
Gold:   106        SH:  0    Dex: 19    Spells: 1/7 levels left

rFire   . . .      SeeInvis .     - Unarmed
rCold   . . .      Faith    .   (shield currently unavailable)
rNeg    . . .      Spirit   .   (helmet currently unavailable)
rPois   x          Reflect  .   (no amulet)
rElec   .          Harm     .   (no ring)
rCorr   .          Rampage  .   (no ring)
Will    .....                   (no ring)
Stlth   ++........              (no ring)
HPRegen 0.09/turn               (no ring)
MPRegen 0.10/turn               (no ring)
                                (no ring)
                                (no ring)

@: spider-form, very slightly contaminated
A: venomous fangs, almost no armour, (amphibious), 8 rings, tiny, (camouflage
1), (gelatinous body 1), (nimble swimmer 1), (tentacles)
a: End Transformation


You were on level 4 of the Dungeon.
You were a venomous arachnid creature.
You visited 1 branch of the dungeon, and saw 4 of its levels.

You collected 106 gold pieces.

Inventory:

Hand Weapons
 c - a +2 dagger of freezing (melded)
Missiles
 j - 4 javelins
Armour
 n - the +2 hat of Temperance (melded) {rCorr}
   (You found it on level 3 of the Dungeon)

   rCorr:     It protects you from acid and corrosion.
Jewellery
 m - a ring of fire
Scrolls
 e - a scroll of vulnerability
 f - 3 scrolls of blinking
 h - a scroll of fog
Potions
 a - a potion of heal wounds {unknown}
 b - a potion of curing {unknown}
 d - 2 potions of cancellation {unknown}
 g - 2 potions of flight {unknown}
 i - a potion of might {unknown}
 k - a potion of magic {unknown}
 l - a potion of resistance {unknown}


   Skills:
 - Level 1.3 Fighting
 - Level 2.2 Dodging
 - Level 3.1 Unarmed Combat
 - Level 2.1 Spellcasting
 + Level 4.2 Transmutations


You had one spell level left.
You knew the following spells:

 Your Spells              Type           Power      Damage    Failure   Level
a - Beastly Appendage     Tmut           28%        N/A       12%         1
b - Wereblood             Tmut           14%        N/A       16%         2
c - Spider Form           Tmut/Pois      8%         N/A       47%         3

Your spell library contained the following spells:

 Spells                   Type           Power      Damage    Failure   Level
 Slow                     Hex            4%         N/A       43%         1
 Confusing Touch          Hex            1%         N/A       75%         3
 Vampiric Draining        Necr           1%         2d6       75%         3
 Ice Form                 Ice/Tmut       8%         N/A       83%         4
 Yara's Violent Unravell  Hex/Tmut       4%         3d4       98%         5
 Enfeeble                 Hex            0%         N/A       100%        7


Dungeon Overview and Level Annotations

Branches:
Dungeon (4/15)
 Temple: D:4-7

Altars:
Dithmenos

Shops:
D:3 *?(=(


Innate Abilities, Weirdness & Mutations

You are a venomous arachnid creature.
You have poisonous fangs.
You are tiny and dextrous.
Your spellcasting is less reliable in this form.
Your armour is entirely melded.
You are incapable of wielding weapons or throwing items.
You cannot wear most types of armour.
((You are amphibious.))
You can wear up to eight rings at the same time.
((Your skin changes colour to match your surroundings (Stealth+).))
((Your rubbery body absorbs attacks. (AC +1, EV +1)))
((You are camouflaged when in or above water. (Stealth+)))
((You have tentacles for arms and can constrict up to eight enemies at once.))


Message History

Casting: Beastly Appendage (safe; 3% risk of failure)
Confirm with . or Enter, or press ? or * to list all spells.
The spell is quite dangerous to miscast (26% risk of failure)!
Continue anyway?
You miscast Spider Form.
You are very lightly contaminated with residual magic.
Your body is twisted painfully.
Casting: Spider Form (quite dangerous; 26% risk of failure)
Confirm with . or Enter, or press ? or * to list all spells.
The spell is quite dangerous to miscast (26% risk of failure)!
Continue anyway?
You turn into a venomous arachnid creature.
Your +2 dagger of freezing melds into your body.
The +2 hat of Temperance {rCorr} melds into your body.
Your +2 dagger of freezing stops glowing.
You barely miss the phantom. The phantom hits you.
You closely miss the phantom. You hit the phantom but do no damage.
The phantom closely misses you.
You hit the phantom but do no damage. The phantom hits you!
You hit the phantom.
The phantom is lightly damaged.
The phantom hits you.
The phantom blinks!
You blink.
You are too injured to fight recklessly!
You are too injured to fight recklessly!
You are too injured to fight recklessly!
You are too injured to fight recklessly!
You are too injured to fight recklessly!
You are too injured to fight recklessly!
You are too injured to fight recklessly!
You hit the phantom.
The phantom is lightly damaged.
The phantom hits you!
* * * LOW HITPOINT WARNING * * *
The phantom blinks!
You blink.
The phantom attacks as you move away! The phantom closely misses you.
You hit the phantom.
The phantom is moderately damaged.
The phantom hits you but does no damage.
You hit the phantom but do no damage.
The phantom is moderately damaged.
The phantom hits you.
You die...

....##
#...(#
##.§..#
#..<..#
##...###
#...##
#####..##
#.....#
#sW§..#
#§§§..#
#§§§.##
###..#
#..# ..#
..# ##


You could see a phantom.

Vanquished Creatures
  Terence (D:2)
  2 adders
  A worm (D:3)
  5 ball pythons
  6 endoplasms
  2 giant cockroaches
  2 goblins (D:1)
  4 hobgoblins
  3 quokkas
  6 bats
  9 frilled lizards
  6 kobolds
  2 rats
49 creatures vanquished.

Vanquished Creatures (others)
  9 plants (D:1)
9 creatures vanquished.

Grand Total: 58 creatures vanquished

Notes
Turn   | Place    | Note
-------+----------+-------------------------------------------
     0 | D:1      | leafyfresh the Octopode Transmuter began the quest for the
                  | Orb.
     0 | D:1      | Reached XP level 1. HP: 13/13 MP: 3/3
   212 | D:1      | Reached XP level 2. HP: 15/18 MP: 5/5
   339 | D:1      | Learned a level 2 spell: Wereblood
   784 | D:2      | Noticed Terence
   795 | D:2      | Reached skill level 3 in Transmutations
   795 | D:2      | Reached XP level 3. HP: 18/23 MP: 6/6
  1386 | D:2      | Killed Terence
  1387 | D:2      | Reached XP level 4. HP: 8/28 MP: 7/7
  2363 | D:3      | Found Vorayc's Antique Weapon Shop.
  2370 | D:3      | Reached skill level 4 in Transmutations
  2483 | D:3      | Found Butawy's Jewellery Shop.
  2500 | D:3      | Found Gouneuho's Weapon Shoppe.
  2610 | D:3      | Found Reshrua's Magic Scroll Shoppe.
  2674 | D:3      | Learned a level 3 spell: Spider Form
  3428 | D:3      | Identified the +2 hat of Temperance {rCorr}
  3542 | D:3      | Found Edizo's General Store.
  3698 | D:4      | Noticed a phantom
  3698 | D:4      | Found a shadowy altar of Dithmenos.
  3710 | D:4      | Slain by a phantom

Illustrated notes

Levels and vault maps discovered:
D:1:      ncdulo_watergridlock, layout_basic, minmay_lizard_king
D:2:      layout_basic, uniq_terence
D:3:      layout_basic, serial_shops, nicolae_shop_stone, nicolae_shop_stone,
          shop, nicolae_shop_hallway_plus, shop
D:4:      layout_rooms, kennysheep_little_box,
          mainiacjoe_overflow_cross_hatched, grunt_dithmenos_smoke

Skill      XL: |  1  2  3  4 |
---------------+-------------+-----
Transmutations | 3 4 |  4.2
Fighting       | |  1.3
Dodging        | |  2.2
Unarmed Combat | |  3.1
Spellcasting   | |  2.1

Action                   |  1- 3 |  4- 6 || total
-------------------------+-------+-------++-------
Melee: Dagger            |    60 |    43 ||   103
       Unarmed           |     6 |     8 ||    14
       Constrict         |     9 |     9 ||    18
       Tentacles         |    10 |     7 ||    17
       Kick              |     6 |       ||     6
 Cast: Beastly Appendage |     3 |       ||     3
       Spider Form       |       |     1 ||     1
  Use: Potion            |     1 |       ||     1
       Scroll            |       |     3 ||     3
 Stab: Sleeping          |     4 |     6 ||    10
       Distracted        |       |     1 ||     1
Armor: Skin              |     9 |     4 ||    13
Dodge: Dodged            |    38 |    16 ||    54
